 Dungeon Crawl Stone Soup version 0.29.1-debian-1-gc3f1650bb9 (webtiles) character file.

Game seed: 13127721039950134694

1866 jlumianski the Chopper (level 8, -4/61 HPs)
             Began as a Demonspawn Gladiator on Sept 12, 2022.
             Was a Follower of Qazlal.
             Succumbed to a redback's poison
             ... on level 6 of the Dungeon.
             The game lasted 00:20:16 (5733 turns).

jlumianski the Chopper (Demonspawn Gladiator)       Turns: 5733, Time: 00:20:17

Health: -4/61      AC: 15    Str: 20    XL:     8   Next: 90%
Magic:  8/8        EV: 13    Int: 10    God:    Qazlal [*.....]
Gold:   154        SH:  2    Dex: 15    Spells: 7/7 levels left

rFire   + . .      SeeInvis +   E - +3 battleaxe
rCold   . . .      Faith    .   (shield currently unavailable)
rNeg    . . .      Spirit   .   j - +0 chain mail
rPois   +          Reflect  .   q - +2 helmet
rElec   .          Harm     .   D - +0 cloak
rCorr   .          Rampage  .   w - +0 pair of gloves
Will    .....                   (no boots)
Stlth   ..........              (no amulet)
HPRegen 0.20/turn               l - +4 ring of evasion
MPRegen 0.11/turn               m - ring "Wexik Goth" {rPois rF+ Str+4 SInv}

@: lethally poisoned (-4 -> -42)
A: ignite blood 2, spiny 2, weakness stinger 1
a: Renounce Religion


You were on level 6 of the Dungeon.
You worshipped Qazlal.
Qazlal was aware of your devotion.
You visited 2 branches of the dungeon, and saw 8 of its levels.

You collected 259 gold pieces.
You spent 105 gold pieces at shops.

Inventory:

Hand Weapons
 a - a +1 war axe of flaming
 E - a +3 battleaxe (weapon)
Missiles
 d - 4 throwing nets (quivered)
 e - a javelin
 p - 6 boomerangs
 r - 3 curare-tipped darts
Armour
 b - a +0 leather armour
 c - a +0 helmet
 j - a +0 chain mail (worn)
 q - a +2 helmet (worn)
 w - a +0 pair of gloves (worn)
 D - a +0 cloak (worn)
Magical Staves
 g - a staff of poison
Jewellery
 l - a +4 ring of evasion (left hand)
 m - the ring "Wexik Goth" (right hand) {rPois rF+ Str+4 SInv}
   (You acquired it on level 2 of the Dungeon)

   [ring of poison resistance]

   Str:       It affects your strength (+4).
   rF:        It protects you from fire.
   rPois:     It protects you from poison.
   SInv:      It lets you see invisible.
 u - a ring of positive energy
Wands
 y - a wand of digging (6)
Scrolls
 f - 4 scrolls of teleportation
 k - 2 scrolls of fear
 o - 2 scrolls of brand weapon
 x - 2 scrolls of summoning
 z - a scroll of immolation
 A - a scroll of enchant weapon
 C - 2 scrolls of blinking
Potions
 h - a potion of attraction
 i - a potion of might
 n - 3 potions of curing
 s - 3 potions of brilliance
 t - a potion of berserk rage
 v - a potion of magic
 B - a potion of invisibility


   Skills:
 + Level 4.7 Fighting
 + Level 7.6 Axes
 + Level 2.4 Throwing
 + Level 5.5 Armour
 + Level 3.8 Dodging
 + Level 1.3 Stealth
 + Level 0.1 Shields


You had 7 spell levels left.
You didn't know any spells.
Your spell library contained the following spells:

 Spells                   Type           Power      Damage    Failure   Level
 Ignite Poison            Fire/Tmut/Pois 0%         N/A       100%        3
 Mephitic Cloud           Conj/Pois/Air  0%         N/A       100%        3
 Freezing Cloud           Conj/Ice/Air   0%         6-21      100%        5


Dungeon Overview and Level Annotations

Branches:
Dungeon (7/15)             Temple (1/1) D:5

Altars:
Ashenzari
Cheibriados
Dithmenos
Fedhas
Hepliaklqana
Kikubaaqudgha
Makhleb
Nemelex Xobeh
Okawaru
Qazlal
Ru
Sif Muna
Trog
Uskayaw
Vehumet
Wu Jian
Xom

Shops:
D:4 ?

Annotations:
D:5 2 runed translucent doors


Innate Abilities, Weirdness & Mutations

Your demonic aura often causes spilled blood to erupt in flames.
You are mostly covered in sharp spines.
You have a small tail.


Message History

You kill the adder!
Qazlal accepts your kill.
You climb downwards.
There is a stone staircase leading up here.
You hit the scorpion but do no damage.
Your tail-slap misses the scorpion.
The scorpion closely misses you.
You hit the scorpion but do no damage. The scorpion is struck by your spines.
The scorpion barely misses you. The scorpion is struck by your spines.
The scorpion stings you but does no damage.
You slash the scorpion!
You kill the scorpion!
Qazlal accepts your kill.
Things that are here:
a scorpion corpse; a water moccasin corpse
Things that are here:
a scorpion corpse; a water moccasin corpse
There is a stone staircase leading up here.
You climb upwards.
Level annotation: 2 runed translucent doors The redback is struck by your spines.
The redback bites you! x2
The redback bites you but does no damage.
There is a stone staircase leading down, spattered with blood here.
The redback bites you!
You climb downwards.
There is a stone staircase leading up here.
You hit the redback. You tail-slap the redback.
The redback is heavily wounded.
The redback bites you!
You are lethally poisoned!
The redback poisons you! The redback is struck by your spines.
The redback bites you but does no damage.
You barely miss the redback.
You tail-slap the redback, but do no damage.
The redback is severely wounded.
* * * LOW HITPOINT WARNING * * *
You feel extremely sick. The redback misses you.
You block the redback's attack.
You hit the redback.
The redback is almost dead.
You die...

#### #.# +...
#.# ###. #.#
... ###.#
#.#.####.#
#s#......#
#@†.#..
#†#.#.##### .
# #.#.#.....
....#.#.#.#..#
.............#
...#.##...#..#
# #.#.#..#
#......#.##
####...#.#


You could see a redback.

Vanquished Creatures
  Sigmund (D:2)
  A redback (D:6)
  2 water moccasins (D:6)
  2 black bears
  A wyvern zombie (D:5)
  A water moccasin zombie (D:5)
  3 scorpions (D:6)
  3 water moccasin skeletons (D:5)
  3 wights (D:5)
  A centaur zombie (D:5)
  A bullfrog zombie (D:5)
  Crazy Yiuf (D:3)
  A centaur skeleton (D:5)
  A gnoll bouda (D:2)
  Jessica (D:2)
  4 iguanas
  A hound skeleton (D:5)
  Robin (D:2)
  8 gnolls
  9 adders
  3 worms
  2 dart slugs
  7 orcs
  7 bats
  9 endoplasms
  5 giant cockroaches
  15 goblins
  14 hobgoblins
  3 quokkas
  4 ball pythons
  6 frilled lizards
  5 kobolds
  4 rats
130 creatures vanquished.

Vanquished Creatures (others)
  A withered plant (D:5)
1 creature vanquished.

Grand Total: 131 creatures vanquished

Notes
Turn   | Place    | Note
-------+----------+-------------------------------------------
     0 | D:1      | jlumianski the Demonspawn Gladiator began the quest for the
                  | Orb.
     0 | D:1      | Reached XP level 1. HP: 16/16 MP: 1/1
   161 | D:1      | Reached skill level 3 in Axes
   161 | D:1      | Gained mutation: You are partially covered in sharp spines.
                  | [demonic ancestry]
   161 | D:1      | Reached XP level 2. HP: 19/22 MP: 2/2
   580 | D:1      | Gained mutation: You are mostly covered in sharp spines.
                  | [demonic ancestry]
   580 | D:1      | Reached XP level 3. HP: 28/28 MP: 3/3
   602 | D:2      | Noticed Sigmund
   602 | D:2      | Noticed Robin
   695 | D:2      | Noticed Jessica
  1464 | D:2      | Identified a scroll of acquirement
  1464 | D:2      | Acquired the ring "Wexik Goth" {rPois rF+ Str+4 SInv}
  1511 | D:3      | Reached XP level 4. HP: 34/34 MP: 4/4
  1573 | D:3      | Reached skill level 1 in Armour
  1698 | D:2      | Killed Robin
  1700 | D:2      | Reached XP level 5. HP: 39/40 MP: 5/5
  1921 | D:2      | Killed Sigmund
  1922 | D:2      | Reached skill level 4 in Axes
  1922 | D:2      | Gained mutation: You have a small tail. [demonic ancestry]
  1922 | D:2      | Reached XP level 6. HP: 46/47 MP: 6/6
  1963 | D:2      | Killed Jessica
  2266 | D:5      | Entered Level 5 of the Dungeon
  2615 | D:4      | Found Gaotor's Magic Scroll Boutique.
  2617 | D:4      | You fall into a shaft and drop 2 floors!
  2637 | D:6      | Reached skill level 5 in Axes
  2637 | D:6      | Gained mutation: Your demonic aura sometimes causes spilled
                  | blood to erupt in flames. [demonic ancestry]
  2637 | D:6      | Reached XP level 7. HP: 52/52 MP: 7/7
  2715 | D:5      | Found a staircase to the Ecumenical Temple.
  2720 | Temple   | Entered the Ecumenical Temple
  2821 | Temple   | Became a worshipper of Qazlal Stormbringer
  3301 | D:4      | Bought a scroll of blinking for 105 gold pieces
  4032 | D:3      | Found a runed translucent door.
  4033 | D:3      | Noticed Crazy Yiuf
  4065 | D:3      | Found a hazy altar of Hepliaklqana.
  4317 | D:3      | Killed Crazy Yiuf
  4466 | D:2      | Found a faded altar of an unknown god.
  4832 | D:5      | Reached skill level 1 in Stealth
  4924 | D:5      | Reached skill level 6 in Axes
  4936 | D:5      | Found a sparkling altar of Nemelex Xobeh.
  5026 | D:5      | Found a runed translucent door.
  5026 | D:5      | Noticed a redback
  5040 | D:5      | Found a runed translucent gate.
  5053 | D:5      | Found a runed translucent gate.
  5074 | D:5      | Found the +9 staff of Olgreb {rPois∞}
  5079 | D:5      | Found a runed translucent door.
  5103 | D:5      | Noticed a redback
  5104 | D:5      | Found a runed translucent gate.
  5104 | D:5      | Noticed a redback
  5134 | D:5      | Found a snail-covered altar of Cheibriados.
  5203 | D:5      | Reached * piety under Qazlal
  5204 | D:5      | Gained mutation: Your demonic aura often causes spilled
                  | blood to erupt in flames. [demonic ancestry]
  5204 | D:5      | Reached XP level 8. HP: 56/60 MP: 8/8
  5649 | D:6      | Reached skill level 7 in Axes
  5649 | D:6      | Reached skill level 5 in Armour
  5733 | D:6      | Succumbed to a redback's poison

Illustrated notes

Levels and vault maps discovered:
D:1:      lemuel_arrival_lava_pool, layout_basic
D:2:      layout_loops_ring, shapermc_ecumenical_altar_ellora, uniq_jessica,
          uniq_sigmund, uniq_robin
D:3:      layout_loops_ring, worldfamousw_hep_ancestral_shrine,
          minmay_misc_feat_columns, uniq_crazy_yiuf_cottage
D:4:      minmay_evil_eye, layout_basic, serial_shops, nicolae_shop_waterfront
D:5:      layout_rooms, nemelex_spade_bored_becter, kennysheep_slug_shrine,
          minmay_temple_entry_arrows, serial_undead, serial_undead_f,
          serial_undead_c, serial_undead_a, serial_undead_b,
          minmay_guarded_unrand_staff_of_olgreb
D:6:      layout_basic, overflow_temple_1_default, sigmund_army, uniq_duvessa,
          uniq_blork_the_orc, uniq_edmund, uniq_grinder
D:7:      layout_basic, ebering_ghost_rock_garden
Temple:   minmay_temple_bridge_d

Skill      XL: |  1  2  3  4  5  6  7  8 |
---------------+-------------------------+-----
Throwing       | 2 |  2.4
Axes           | 3 4 5 6 7 |  7.6
Dodging        | 3 |  3.8
Armour         | 1 2 3 5 |  5.5
Fighting       | 3 4 |  4.7
Stealth        | 1 |  1.3
Shields        | |  0.1

Action                   |  1- 3 |  4- 6 |  7- 9 || total
-------------------------+-------+-------+-------++-------
Melee: War axe           |    59 |    62 |    61 ||   182
       Tailslap          |       |     2 |     9 ||    11
       Punch             |       |     1 |     1 ||     2
       Battleaxe         |       |       |    13 ||    13
Throw: Boomerang         |       |     4 |       ||     4
       Dart              |       |     3 |       ||     3
  Use: Scroll            |     8 |     2 |     4 ||    14
       Potion            |       |     2 |     1 ||     3
Armor: Leather armour    |    11 |       |       ||    11
       Chain mail        |     7 |    23 |    42 ||    72
Dodge: Dodged            |    43 |    36 |    63 ||   142
Block: Other             |       |       |     4 ||     4
